 Dungeon Sprint DCSS version 0.29-a0-700-g2f1814c7b2 (webtiles) character file.

Game seed: 4267444554143385018

160 mhtbhm the Covert (level 5, -5/24 HPs)
             Began as a Spriggan Enchanter on June 25, 2022.
             Was an Initiate of Dithmenos.
             Slain by a two-headed ogre
             ... wielding a +0 giant club
              (29 damage)
             ... in the Dungeon (Sprint IX: "|||||||||||||||||||||||||||||").
             The game lasted 00:01:42 (509 turns).

mhtbhm the Covert (Spriggan Enchanter)               Turns: 509, Time: 00:01:42

Health: -5/24      AC:  2    Str:  4    XL:     5   Next: 17%
Magic:  8/13       EV: 21    Int: 20    God:    Dithmenos [......]
Gold:   0          SH:  0    Dex: 17    Spells: 3/14 levels left

rFire   . . .      SeeInvis +   a - +2 rapier (drain)
rCold   . . .      Faith    .   (no shield)
rNeg    . . .      Spirit   .   b - +0 robe
rPois   .          Reflect  .   (helmet restricted)
rElec   .          Harm     .   (no cloak)
rCorr   .          Rampage  .   (gloves unavailable)
Will    .....      NoTele   +   (boots unavailable)
Stlth   +++++.....              (no amulet)
HPRegen 0.08/turn               l - +2 ring of evasion
MPRegen 0.13/turn               m - +3 ring of intelligence

@: confusing by touch, very quick
A: very small, no large weapons, unfitting armour, see invisible, speed 3
a: Renounce Religion


You were in the Dungeon.
You worshipped Dithmenos.
Dithmenos was noncommittal.
You visited 1 branch

Inventory:

Hand Weapons
 a - a +2 rapier of draining (weapon)
Armour
 b - a +0 robe (worn)
Jewellery
 l - a +2 ring of evasion (left hand)
 m - a +3 ring of intelligence (right hand)
Wands
 k - a wand of light (10)
Scrolls
 i - 2 scrolls of blinking
 j - 2 scrolls of amnesia
Potions
 c - 3 potions of invisibility
 d - 4 potions of curing
 e - 3 potions of heal wounds
 f - a potion of haste
 g - 4 potions of magic
 h - a potion of berserk rage


   Skills:
 + Level 1.5 Short Blades
 + Level 5.3 Dodging
 + Level 10.5 Stealth
 + Level 5.3 Spellcasting
 + Level 8.0 Hexes
 * Level 2.5 Invocations


You had 3 spell levels left.
You knew the following spells:

 Your Spells              Type           Power      Damage    Failure   Level
a - Confusing Touch       Hex            37%        N/A       1%          3
b - Tukima's Dance        Hex            37%        N/A       1%          3
c - Ensorcelled Hibernat  Hex/Ice        42%        N/A       3%          2
d - Dazzling Flash        Conj/Hex       42%        N/A       6%          3

Your spell library contained the following spells:

 Spells                   Type           Power      Damage    Failure   Level


Dungeon Overview and Level Annotations

Branches:
Dungeon (1/1)

Altars:
Cheibriados
Dithmenos
Elyvilon
Fedhas
Gozag
Hepliaklqana
Kikubaaqudgha
Makhleb
Nemelex Xobeh
Okawaru
Qazlal
Ru
Sif Muna
Trog
Uskayaw
Vehumet
Wu Jian
Xom
Yredelemnul
Zin
The Shining One
Beogh
Jiyva
Lugonu


Innate Abilities, Weirdness & Mutations

You are very small and have problems with some larger weapons.
You are too small for most types of armour.
You have supernaturally acute eyesight. (SInv)
You cover ground extremely quickly. (Speed+++)


Message History

You are now empty-handed.
You drop a +2 dagger of draining.
a - a +2 rapier of draining You sense an unholy aura.
a - a +2 rapier of draining (weapon)
You see here a +0 helmet.
You see here a +0 helmet.
You see here a +1 scale mail.
l - a +2 ring of evasion
m - a +3 ring of intelligence
l - a +2 ring of evasion (left hand)
You feel clever.
m - a +3 ring of intelligence (right hand) This spell is extremely dangerous to cast!
Memorise Dazzling Flash, consuming 3 spell levels and leaving 1?
You start memorising the spell.
You continue memorising. x3
You finish memorising.
Spell assigned to 'd'.
You open the door.
A troll, a yak, 3 two-headed ogres and a centaur come into view.
Unknown command.
There is an open door to the Dungeon here.
The helpless centaur fails to defend itself.
You impale the centaur!!
You kill the centaur!
Dithmenos accepts your kill.
The two-headed ogre shouts in stereo!
The yak bellows!
The two-headed ogre shouts in stereo!
Your Dodging skill increases to level 5!
Your Stealth skill gained 2 levels and is now at level 10!
Your Spellcasting skill increases to level 5!
Your Hexes skill increases to level 8!
Your Invocations skill gained 2 levels and is now at level 2!
You have reached level 5!
You feel clever.
Casting: Confusing Touch (safe; 1% risk of failure)
Confirm with . or Enter, or press ? or * to list all spells.
Your hands begin to glow red.
You completely miss the two-headed ogre.
The two-headed ogre hits you with a +0 giant club!!
Ouch! That really hurt!
You die...

▓+▓
▓O▓
▓T▓
▓Y▓
▓.▓
▓O▓
▓O▓
▓@▓
▓.▓
▓.▓
▓[▓
▓[▓
▓[▓
▓.▓
▓)▓
▓.▓


You could see 3 two-headed ogres, a yak and a troll.

Vanquished Creatures
  A centaur (D)
  2 hounds (D)
  An adder (D)
  2 orcs (D)
  An endoplasm (D)
  A goblin (D)
  A hobgoblin (D)
  A kobold (D)
  A quokka (D)
11 creatures vanquished.

Notes
Turn   | Place    | Note
-------+----------+-------------------------------------------
     0 | D        | mhtbhm the Spriggan Enchanter began the quest for the Orb.
     0 | D        | Reached XP level 1. HP: 9/9 MP: 5/5
    14 | D        | Reached skill level 5 in Stealth
   141 | D        | Noticed a hound
   141 | D        | Noticed a hound
   143 | D        | Killed a hound
   144 | D        | Reached skill level 7 in Stealth
   144 | D        | Reached XP level 2. HP: 13/13 MP: 5/7
   144 | D        | Reached XP level 3. HP: 16/16 MP: 6/9
   176 | D        | Learned a level 3 spell: Confusing Touch
   180 | D        | Learned a level 3 spell: Tukima's Dance
   183 | D        | Learned a level 2 spell: Ensorcelled Hibernation
   192 | D        | Reached skill level 8 in Stealth
   198 | D        | Reached XP level 4. HP: 15/21 MP: 4/11
   385 | D        | Found a snail-covered altar of Cheibriados.
   385 | D        | Found a shadowy altar of Dithmenos.
   385 | D        | Found a white marble altar of Elyvilon.
   385 | D        | Found a blossoming altar of Fedhas.
   385 | D        | Found an opulent altar of Gozag.
   386 | D        | Found a hazy altar of Hepliaklqana.
   387 | D        | Found a viscous altar of Jiyva.
   388 | D        | Found an ancient bone altar of Kikubaaqudgha.
   389 | D        | Found a corrupted altar of Lugonu.
   390 | D        | Found a burning altar of Makhleb.
   391 | D        | Found a sparkling altar of Nemelex Xobeh.
   392 | D        | Found an iron altar of Okawaru.
   393 | D        | Found a stormy altar of Qazlal.
   394 | D        | Found a sacrificial altar of Ru.
   395 | D        | Found a shimmering blue altar of Sif Muna.
   396 | D        | Found a bloodstained altar of Trog.
   397 | D        | Found a hide-covered altar of Uskayaw.
   398 | D        | Found a radiant altar of Vehumet.
   399 | D        | Found an ornate altar of the Wu Jian Council.
   400 | D        | Found a shimmering altar of Xom.
   401 | D        | Found a basalt altar of Yredelemnul.
   402 | D        | Found a glowing silver altar of Zin.
   403 | D        | Found a glowing golden altar of the Shining One.
   458 | D        | Became a worshipper of Dithmenos the Shadowed
   480 | D        | Found the +6 Majin-Bo {vamp, MP+6 Int+6}
   505 | D        | Learned a level 3 spell: Dazzling Flash
   505 | D        | Noticed a two-headed ogre
   505 | D        | Noticed a troll
   505 | D        | Noticed a yak
   505 | D        | Noticed a two-headed ogre
   505 | D        | Noticed a two-headed ogre
   505 | D        | Noticed a centaur
   507 | D        | Killed a centaur
   508 | D        | Reached skill level 5 in Dodging
   508 | D        | Reached skill level 10 in Stealth
   508 | D        | Reached skill level 5 in Spellcasting
   508 | D        | Reached XP level 5. HP: 24/24 MP: 11/13
   509 | D        | Slain by a two-headed ogre

Illustrated notes

Levels and vault maps discovered:
D:        linesprint [early_d, line_temple, items_1, d_10, items_2, lair_1,
          lair_end, items_3, orc_1, orc_end, items_4, d_15, swamp_1, shoals_1,
          snake_1, spider_1, d_20, vaults_1, items_5, swamp_end, shoals_end,
          snake_end, spider_end, vaults_end, d_27, items_6, zot_1, zot_end,
          crypt_end, forest_end, elf_end, slime_end, tomb_end, abyss_end,
          pan_hell_end]

Skill      XL: |  1  2  3  4 |
---------------+-------------+-----
Hexes          | 6 8 |  8.0
Stealth        | 7 8 10 | 10.5
Spellcasting   | 3 4 5 |  5.3
Dodging        | 4 5 |  5.3
Invocations    | 2 |  2.5
Short Blades   | |  1.5

Action                   |  1- 3 |  4- 6 || total
-------------------------+-------+-------++-------
Melee: Dagger            |    31 |    10 ||    41
       Punch             |     1 |       ||     1
       Rapier            |       |     2 ||     2
 Cast: Confusing Touch   |     2 |     2 ||     4
  Use: Potion            |     1 |       ||     1
 Stab: Sleeping          |     2 |     1 ||     3
       Confused          |     1 |       ||     1
Armor: Robe              |     2 |     1 ||     3
Dodge: Dodged            |    21 |     4 ||    25

Table legend: (Time is in decaauts)
 A = Elapsed time spent in this place.
 B = Non-inter-level travel time spent in this place.
 C = Inter-level travel time spent in this place.
 D = Time resting spent in this place.
 E = Time spent auto-exploring this place.
 F = Levels seen in this place.
 G = Mean time per level.
                   A        B        C        D        E       F      G
               +--------+--------+--------+--------+--------+-----+--------+
         Total |    453 |    453 |      0 |    296 |     19 |   1 |  453.0 |
       Dungeon |    453 |    453 |      0 |    296 |     19 |   1 |  453.0 |
               +--------+--------+--------+--------+--------+-----+--------+

Top non-repeatable levels by time:
       D: 453 daAuts
